 Dungeon Crawl Stone Soup version 0.20.1-1-g8b1a95d (webtiles) character file.

2811 FollowTheCloud the Conjurer (level 9, -2/72 HPs)
             Began as a White Draconian Conjurer on Aug 25, 2017.
             Was a Follower of Sif Muna.
             Shot with a sling bullet by Joseph (6 damage)
             ... on level 7 of the Dungeon.
             The game lasted 00:28:06 (7563 turns).

FollowTheCloud the Conjurer (DrCj)                  Turns: 7563, Time: 00:28:07

Health: -2/72      AC:  9    Str: 16    XL:     9   Next: 44%
Magic:  8/19       EV: 15    Int: 26    God:    Sif Muna [*.....]
Gold:   389        SH:  0    Dex: 12    Spells: 7/21 levels left

rFire    . . .     SeeInvis .   I - +0 great sword
rCold    + . .     Gourm    .   (shield currently unavailable)
rNeg     . . .     Faith    .   (armour unavailable)
rPois    .         Spirit   .   (helmet restricted)
rElec    .         Reflect  .   j - +0 cloak
rCorr    .         Harm     .   L - +0 pair of gloves
MR       +....                  (no boots)
Stlth    ++........             c - amulet of rage
Regen    0.3/turn               p - ring of protection from magic
MPRegen  0.2/turn               G - +3 ring of intelligence

@: mighty, brilliant, very slightly contaminated
A: breathe frost, unfitting armour, cold resistance 1, cold-blooded, AC +7
a: Breathe Frost, Divine Energy, Renounce Religion, Evoke Berserk Rage


You were on level 7 of the Dungeon.
You worshipped Sif Muna.
Sif Muna was aware of your devotion.
You were not hungry.

You visited 2 branches of the dungeon, and saw 9 of its levels.

You collected 389 gold pieces.

Inventory:

Hand Weapons
 v - a +2 club
 I - a +0 great sword (weapon)
Armour
 j - a +0 cloak (worn)
 L - a +0 pair of gloves (worn)
Jewellery
 c - an amulet of rage (around neck)
 p - a ring of protection from magic (left hand)
 G - a +3 ring of intelligence (right hand)
 N - an uncursed ring of protection from cold {unknown}
Wands
 e - a wand of flame (3/48)
 u - a wand of flame (14/48)
 H - a wand of polymorph (0/24)
Scrolls
 d - a scroll of recharging {unknown}
 g - 9 scrolls of identify {unknown}
 i - 9 scrolls of teleportation {unknown}
 k - a scroll of magic mapping {unknown}
 l - 7 scrolls of remove curse {unknown}
 o - a scroll of random uselessness {unknown}
 t - a scroll of enchant armour {unknown}
 y - 2 scrolls of amnesia {unknown}
 C - 2 scrolls of fog {unknown}
 J - a scroll of summoning {unknown}
 K - a scroll of fear {unknown}
 O - a scroll of torment {unknown}
Potions
 f - a potion of flight {unknown}
 h - 2 potions of mutation {unknown}
 r - a potion of cancellation {unknown}
 s - 2 potions of brilliance
 x - 2 potions of agility {unknown}
 z - a potion of heal wounds {unknown}
 A - 2 potions of might
 B - a potion of haste {unknown}
 D - 2 potions of degeneration {unknown}
 E - a potion of berserk rage {unknown}
 F - 3 potions of curing {unknown}
 M - 2 potions of invisibility {unknown}
Books
 a - a book of Conjurations

   Spells                             Type                      Level
   a - Magic Dart                     Conjuration                  1
   b - Searing Ray                    Conjuration                  2
   c - Dazzling Spray                 Conjuration/Hexes            3
   d - Fulminant Prism                Conjuration/Hexes            4
   e - Force Lance                    Conjuration/Translocation    4
   f - Iskenderun's Mystic Blast      Conjuration                  4
 P - a book of Maledictions

   Spells                             Type                      Level
   a - Corona                         Hexes                        1
   b - Ensorcelled Hibernation        Hexes/Ice                    2
   c - Confuse                        Hexes                        3
   d - Tukima's Dance                 Hexes                        3
   e - Dazzling Spray                 Conjuration/Hexes            3
Comestibles
 b - a bread ration
 m - 4 meat rations
 n - 8 fruits
 q - 4 royal jellies


   Skills:
 + Level 4.7 Fighting
 + Level 6.8 Dodging
 - Level 1.7 Stealth
 + Level 6.9 Spellcasting
 + Level 7.8 Conjurations


You had 7 spell levels left.
You knew the following spells:

 Your Spells              Type           Power        Failure   Level  Hunger
a - Magic Dart            Conj           ####         1%          1    None
b - Searing Ray           Conj           ######       1%          2    None
c - Dazzling Spray        Conj/Hex       #####.       1%          3    None
d - Iskenderun's Mystic   Conj           ######..     1%          4    ###....
e - Force Lance           Conj/Tloc      #####...     1%          4    ###....


Dungeon Overview and Level Annotations

Branches:
Dungeon (8/15)             Temple (1/1) D:4
   Lair: D:8-11

Altars:
Cheibriados
Dithmenos
Elyvilon
Fedhas
Gozag
Kikubaaqudgha
Makhleb
Nemelex Xobeh
Okawaru
Qazlal
Ru
Sif Muna
Trog
Uskayaw
Vehumet
Yredelemnul
Zin
The Shining One

Annotations:
D:7 Joseph
D:8 regularjogger's ghost, novice DrCj


Innate Abilities, Weirdness & Mutations

You can breathe waves of freezing cold.
You can buffet flying creatures when you breathe cold.
Your icy white scales are hard. (AC +7)
You cannot fit into any form of body armour.
Your flesh is cold resistant. (rC+)
You are cold-blooded and may be slowed by cold attacks.


Message History

Aim: Joseph, wielding a hunting sling and wearing a shiny ring mail You miscast Iskenderun's Mystic Blast.
Your skin glows momentarily.
Joseph shoots a sling bullet.
The sling bullet hits you!
* * * LOW HITPOINT WARNING * * *
Casting: Iskenderun's Mystic Blast
Confirm with . or Enter, or press ? or * to list all spells.
Aiming: Iskenderun's Mystic Blast
Press: ? - help, Shift-Dir - straight line, f/p - Joseph
Aim: Joseph, wielding a hunting sling and wearing a shiny ring mail The orb of energy hits Joseph.
Joseph is lightly wounded.
Joseph shoots a sling bullet.
The sling bullet misses you.
It was a potion of might.
You feel very mighty all of a sudden.
Joseph shoots a sling bullet.
The sling bullet hits you.
* * * LOW HITPOINT WARNING * * *
It was a potion of brilliance.
You feel clever all of a sudden.
Joseph shoots a sling bullet.
The sling bullet hits you.
You die...

.#......#.#...##...##8###8
.#......#.#...##..........
##......#[#...#8..........
#########(######..........
# #.# #...##8###8 #
####@######.(.####
#....(...#8...8#
#...@....##...##
#........##@..#
#........##...##
#........#8...8#
#........##...##
#.........@...#
#################.#########
...... #.........# ......
#########.# ...... #.#


You could see Joseph.

Vanquished Creatures
  Prince Ribbit (D:6)
  An ice beast (D:5)
  An orc warrior (D:7)
  A phantom (D:4)
  A necrophage (D:8)
  2 sky beasts
  A centaur (D:4)
  5 ogres
  A big kobold (D:8)
  2 bullfrogs
  Blork the orc (D:4)
  A scorpion (D:7)
  The ghost of letownia the Digger, a weakling OpEE (D:4)
  A crimson imp (D:5)
  4 hounds
  2 jellies
  A quasit (D:5)
  6 orc priests
  A bullfrog skeleton (D:4)
  2 gnoll shamans (D:7)
  Ijyb (D:3)
  Natasha (twice) (D:2)
  An iguana (D:5)
  7 orc wizards
  7 worker ants
  A killer bee zombie (D:5)
  A hound skeleton (D:5)
  6 gnolls (D:7)
  A howler monkey skeleton (D:8)
  5 adders
  3 shadow imps
  2 oozes
  An adder skeleton (D:7)
  A dart slug (D:1)
  5 leopard geckos
  23 orcs
  A ball python (D:6)
  6 bats
  3 giant cockroaches
  5 goblins
  8 hobgoblins
  3 jackals (D:7)
  2 quokkas
  2 frilled lizards
  11 kobolds
  A leopard gecko skeleton (D:5)
  A quokka zombie (D:5)
  8 rats
154 creatures vanquished.

Notes
Turn   | Place    | Note
-------+----------+-------------------------------------------
     0 | D:1      | FollowTheCloud the Draconian Conjurer began the quest for the Orb.
     0 | D:1      | Reached XP level 1. HP: 14/14 MP: 3/3
   134 | D:1      | Reached XP level 2. HP: 12/20 MP: 0/5
   262 | D:1      | Learned a level 2 spell: Searing Ray
   724 | D:1      | Reached XP level 3. HP: 26/26 MP: 1/6
  1161 | D:1      | Reached XP level 4. HP: 33/33 MP: 4/8
  1288 | D:2      | Noticed Natasha
  1295 | D:2      | Killed Natasha
  1588 | D:2      | Noticed Natasha
  1604 | D:2      | Killed Natasha
  1797 | D:3      | Reached XP level 5. HP: 38/38 MP: 1/10
  1871 | D:3      | Learned a level 3 spell: Dazzling Spray
  1876 | D:3      | Learned a level 4 spell: Iskenderun's Mystic Blast
  2024 | D:3      | Found a transporter.
  2045 | D:3      | Noticed Ijyb
  2055 | D:3      | Killed Ijyb
  2155 | D:3      | Found a transporter.
  2668 | D:3      | Reached skill level 5 in Conjurations
  2668 | D:3      | Reached XP level 6. HP: 41/45 MP: 6/11
  3270 | D:4      | Noticed letownia's ghost (weakling OpEE)
  3273 | D:4      | Killed letownia's ghost
  3660 | D:4      | Found a staircase to the Ecumenical Temple.
  3757 | Temple   | Entered the Ecumenical Temple
  3868 | Temple   | Became a worshipper of Sif Muna the Loreminder
  3947 | D:4      | Noticed Blork the orc
  3955 | D:4      | Killed Blork the orc
  4104 | D:4      | Your scales start taking on an icy white colour.
  4104 | D:4      | Reached XP level 7. HP: 50/50 MP: 5/14
  4104 | D:4      | Gained mutation: Your flesh is cold resistant. (rC+) [White Draconian growth]
  4684 | D:5      | Entered Level 5 of the Dungeon
  4691 | D:5      | Reached skill level 5 in Spellcasting
  4691 | D:5      | Reached skill level 6 in Conjurations
  4784 | D:5      | Reached skill level 5 in Dodging
  5065 | D:5      | Reached XP level 8. HP: 57/57 MP: 11/16
  5290 | D:5      | Found a sacrificial altar of Ru.
  5647 | D:6      | Reached skill level 1 in Fighting
  5690 | D:6      | Found a stormy altar of Qazlal.
  5692 | D:6      | Noticed Prince Ribbit
  5706 | D:6      | Killed Prince Ribbit
  5706 | D:6      | Reached * piety under Sif Muna
  6005 | D:6      | Reached skill level 7 in Conjurations
  6358 | D:7      | Learned a level 4 spell: Force Lance
  6777 | D:7      | Reached XP level 9. HP: 70/70 MP: 14/18
  6827 | D:7      | Noticed Joseph
  7031 | D:8      | Noticed regularjogger's ghost (novice DrCj)
  7563 | D:7      | Shot with a sling bullet by Joseph

Skill      XL: |  1  2  3  4  5  6  7  8  9 |
---------------+----------------------------+-----
Dodging        | 2 3 4 5 6 |  6.8
Spellcasting   | 3 4 5 6 |  6.9
Conjurations   | 5 6 7 |  7.8
Fighting       | 3 4 |  4.7
Stealth        | |  1.7

Action                   |  1- 3 |  4- 6 |  7- 9 || total
-------------------------+-------+-------+-------++-------
Melee: Unarmed           |    10 |       |       ||    10
       Club              |    19 |    30 |    18 ||    67
       Tailslap          |     3 |     4 |     8 ||    15
       Great sword       |       |       |    50 ||    50
 Cast: Magic Dart        |    47 |    61 |   103 ||   211
       Searing Ray       |       |    14 |    43 ||    57
       Iskenderun's Myst |       |     2 |     9 ||    11
       Dazzling Spray    |       |     1 |       ||     1
 Abil: Evoke Berserk Rag |     2 |       |       ||     2
       Breathe Frost     |       |       |     3 ||     3
Evoke: Wand              |       |     8 |     5 ||    13
  Use: Scroll            |       |       |     2 ||     2
       Potion            |       |       |     2 ||     2
 Stab: Sleeping          |     1 |       |       ||     1
  Eat: Chunk             |     3 |     5 |    13 ||    21
       Bread ration      |       |     1 |       ||     1
Armor: Skin              |    22 |    24 |    51 ||    97
Dodge: Dodged            |    35 |    27 |   166 ||   228
       Rpst.: Great sword |       |       |    33 ||    33
